 Dungeon Crawl Stone Soup version 0.28.0-53-g5a82cb258f (webtiles) character file.

Game seed: 15756827202494277140

4946 Sin92 the Skirmisher (level 10, 0/79 HPs)
             Began as a Demonspawn Fighter on July 1, 2022.
             Was an Elder of Okawaru.
             Slain by a yak (11 damage)
             ... on level 8 of the Dungeon.
             The game lasted 00:10:41 (9907 turns).

Sin92 the Skirmisher (Demonspawn Fighter)           Turns: 9907, Time: 00:10:42

Health: 0/79       AC: 10    Str: 21    XL:     10   Next: 28%
Magic:  10/10      EV: 11    Int: 12    God:    Okawaru [****..]
Gold:   349        SH: 10    Dex: 12    Spells: 9/9 levels left

rFire   . . .      SeeInvis .   a - +1 war axe (vorpal)
rCold   . . .      Faith    .   x - +0 kite shield
rNeg    . . .      Spirit   .   w - +0 swamp dragon scales
rPois   +          Reflect  .   (helmet restricted)
rElec   .          Harm     .   u - +0 cloak
rCorr   .          Rampage  .   (no gloves)
Will    +....                   (no boots)
Stlth   +.........              (no amulet)
HPRegen 0.23/turn               p - +4 ring of slaying
MPRegen 0.12/turn               k - ring of willpower

@: no status effects
A: horns 2, powered by pain 1, big brain 1, demonic magic 1
a: Renounce Religion, Heroism, Finesse


You were on level 8 of the Dungeon.
You worshipped Okawaru.
Okawaru was greatly pleased with you.
You visited 1 branch of the dungeon, and saw 8 of its levels.

You collected 349 gold pieces.

Inventory:

Hand Weapons
 a - a +1 vorpal war axe (weapon)
 s - a +2 vorpal flail
Missiles
 i - a throwing net (quivered)
Armour
 b - a +0 scale mail
 c - a +0 buckler
 u - a +0 cloak (worn)
 v - a +0 chain mail
 w - +0 swamp dragon scales (worn)
 x - a +0 kite shield (worn)
Jewellery
 k - a ring of willpower (right hand)
 p - a +4 ring of slaying (left hand)
 y - a ring of protection from fire
Wands
 f - a wand of flame (6)
 n - a wand of digging (6)
 r - a wand of iceblast (10)
Scrolls
 g - 2 scrolls of teleportation
 t - 2 scrolls of amnesia
 A - 2 scrolls of magic mapping
 B - 3 scrolls of identify
Potions
 d - 2 potions of might
 e - 2 potions of degeneration
 h - 2 potions of flight {unknown}
 j - 2 potions of ambrosia
 l - a potion of invisibility
 m - a potion of experience {unknown}
 o - 2 potions of cancellation
 q - a potion of mutation {unknown}
 z - 3 potions of berserk rage


   Skills:
 + Level 7.4 Fighting
 + Level 6.4 Axes
 + Level 6.8 Armour
 + Level 6.1 Dodging
 + Level 6.8 Shields


You had 9 spell levels left.
You didn't know any spells.
Your spell library contained the following spells:

 Spells                   Type           Power      Damage    Failure   Level
 Sandblast                Erth           0%         2d4       80%         1
 Slow                     Hex            0%         N/A       80%         1
 Passwall                 Tmut/Erth      0%         N/A       90%         2
 Sublimation of Blood     Necr           0%         N/A       90%         2
 Wereblood                Tmut           0%         N/A       90%         2
 Confusing Touch          Hex            0%         N/A       99%         3
 Frozen Ramparts          Ice            0%         1d2       99%         3
 Stone Arrow              Conj/Erth      0%         3d7       99%         3
 Vampiric Draining        Necr           0%         2d6       99%         3
 Ice Form                 Ice/Tmut       0%         N/A       100%        4
 Conjure Ball Lightning   Conj/Air       0%         3x3d6     100%        6
 Discord                  Hex            0%         N/A       100%        8
 Disjunction              Tloc           0%         N/A       100%        8
 Summon Ice Beast         Ice/Summ       Unusable   N/A       N/A         4
 Summon Hydra             Summ           Unusable   N/A       N/A         7

Dungeon Overview and Level Annotations

Branches:
Dungeon (8/15)             Temple (0/1) D:5
   Lair: D:8-11

Altars:
Cheibriados
Dithmenos
Fedhas
Hepliaklqana
Okawaru
Trog
Vehumet
Zin

Shops:
D:5 *   D:8 =

Annotations:
D:7 3 runed translucent doors, MiltankisOP's ghost, novice DrTm


Innate Abilities, Weirdness & Mutations

You have a pair of horns on your head.
You sometimes gain a little power by taking damage.
You have an unusually large brain. (Int +2)
Spells you cast may paralyse adjacent enemies.


Message History

The killer bee barely misses you. The killer bee completely misses you.
The killer bee stings you.
* * * LOW HITPOINT WARNING * * *
You closely miss the killer bee.
The killer bee is almost dead.
You block the killer bee's attack.
The killer bee stings you but does no damage.
You miss the killer bee. You headbutt the killer bee.
You kill the killer bee!
Okawaru accepts your kill. You block the killer bee's attack.
You miss the killer bee. You headbutt the killer bee.
The killer bee is lightly wounded.
You block the killer bee's attack.
The killer bee stings you but does no damage. x2
You slash the killer bee!
You kill the killer bee!
Okawaru accepts your kill. You block the yak's attack.
Unknown command.
You hit the yak. You headbutt the yak!
The yak is severely wounded.
You block the yak's attack.
You hit the yak. You headbutt the yak, but do no damage.
The yak is almost dead.
The yak gores you!
* * * LOW HITPOINT WARNING * * *
You block the yak's attack.
You barely miss the yak.
The yak is almost dead.
The yak gores you.
* * * LOW HITPOINT WARNING * * *
You slash the yak!
You kill the yak!
Okawaru accepts your kill.
Unknown command.
You slice the yak!!
The yak is heavily wounded.
The yak gores you!
You die...

#.####o.....≈≈≈...
#.##..............
#####.##.#.#..#####.#.
#### ....[.##.#...## #
.... #.....##o.# ..#
###.....)oy{# #.#
#....>..##Y##
#.####.......##Y#
.#.......∩....##@#
..^..............#
.##.#..<..[..#####
.............#
###.#.....####
#.####### ..# ####


You could see 2 yaks, a killer bee and 2 orcs.

Vanquished Creatures
  Harold (D:7)
  Maggie (D:6)
  A hornet (D:7)
  A yak (D:8)
  Eustachio (D:5)
  4 water moccasins
  Duvessa (D:4)
  An orc warrior (D:6)
  3 black bears (D:6)
  2 sky beasts
  A necrophage (D:7)
  3 ogres
  A phantom (D:5)
  4 centaurs
  2 gnoll sergeants (D:6)
  5 scorpions
  Dowan (D:4)
  2 water moccasin skeletons
  2 killer bees (D:8)
  3 howler monkeys
  An electric eel (D:8)
  2 jellies (D:6)
  A centaur zombie (D:5)
  2 orc priests
  6 hounds
  Crazy Yiuf (D:5)
  A bullfrog skeleton (D:6)
  2 centaur skeletons
  2 scorpion zombies (D:5)
  5 iguanas
  4 orc wizards
  A killer bee zombie (D:7)
  A hound skeleton (D:5)
  Robin (D:3)
  6 adders
  2 white imps (D:6)
  4 ufetubi
  A worm (D:3)
  3 dart slugs
  16 orcs
  7 endoplasms
  2 giant cockroaches
  9 goblins
  14 hobgoblins
  7 jackals
  6 quokkas
  5 ball pythons
  7 bats
  3 frilled lizards
  7 kobolds
  4 rats
173 creatures vanquished.

Vanquished Creatures (others)
  8 fungi (D:8)
8 creatures vanquished.

Grand Total: 181 creatures vanquished

Notes
Turn   | Place    | Note
-------+----------+-------------------------------------------
     0 | D:1      | Sin92 the Demonspawn Fighter began the quest for the Orb.
     0 | D:1      | Reached XP level 1. HP: 18/18 MP: 1/1
   391 | D:1      | Gained mutation: Spells you cast may paralyse adjacent
                  | enemies. [demonic ancestry]
   391 | D:1      | Reached XP level 2. HP: 14/24 MP: 2/2
  1182 | D:1      | Gained mutation: You sometimes gain a little power by
                  | taking damage. [demonic ancestry]
  1182 | D:1      | Reached XP level 3. HP: 23/29 MP: 3/3
  1467 | D:2      | Reached skill level 1 in Dodging
  2360 | D:2      | Gained mutation: You have a pair of small horns on your
                  | head. [demonic ancestry]
  2360 | D:2      | Reached XP level 4. HP: 21/35 MP: 4/4
  2752 | D:3      | Noticed a centaur
  2772 | D:3      | Killed a centaur
  2773 | D:3      | Reached XP level 5. HP: 17/42 MP: 5/5
  3005 | D:3      | Found a faded altar of an unknown god.
  3194 | D:3      | Noticed Robin
  3209 | D:3      | Killed Robin
  3263 | D:3      | Found a bloodstained altar of Trog.
  3648 | D:3      | Found a blossoming altar of Fedhas.
  3921 | D:4      | Reached skill level 4 in Fighting
  4076 | D:4      | Gained mutation: You have a pair of horns on your head.
                  | [demonic ancestry]
  4076 | D:4      | Reached XP level 6. HP: 43/48 MP: 6/6
  4687 | D:4      | Found a radiant altar of Vehumet.
  4821 | D:5      | Entered Level 5 of the Dungeon
  4821 | D:5      | Noticed Duvessa
  4821 | D:5      | Noticed Dowan
  4835 | D:4      | Killed Duvessa
  4836 | D:4      | Reached XP level 7. HP: 12/55 MP: 7/7
  4840 | D:4      | Killed Dowan
  5451 | D:5      | Found an iron altar of Okawaru.
  5537 | D:5      | Became a worshipper of Warmaster Okawaru
  5654 | D:5      | Noticed Eustachio
  5677 | D:5      | Killed Eustachio
  5678 | D:5      | Reached skill level 5 in Fighting
  5678 | D:5      | Gained mutation: You have an unusually large brain. (Int
                  | +2) [demonic ancestry]
  5678 | D:5      | Reached XP level 8. HP: 33/62 MP: 8/8
  5882 | D:5      | Found a staircase to the Ecumenical Temple.
  5918 | D:5      | Found a snail-covered altar of Cheibriados.
  6263 | D:5      | Reached * piety under Okawaru
  6288 | D:5      | Noticed an angel
  6385 | D:5      | Found Fujougid's Assorted Antiques.
  6399 | D:5      | Reached skill level 5 in Armour
  6416 | D:5      | Reached skill level 5 in Shields
  6433 | D:5      | Found a radiant altar of Vehumet.
  6515 | D:5      | Found a runed translucent door.
  6516 | D:5      | Noticed Crazy Yiuf
  6521 | D:5      | Killed Crazy Yiuf
  6841 | D:6      | Reached ** piety under Okawaru
  6842 | D:6      | Reached skill level 5 in Axes
  7137 | D:6      | Reached skill level 6 in Fighting
  7150 | D:6      | Noticed Maggie
  7159 | D:6      | Killed Maggie
  7160 | D:6      | Reached XP level 9. HP: 42/69 MP: 9/9
  7679 | D:6      | Found a faded altar of an unknown god.
  7680 | D:6      | Found a hazy altar of Hepliaklqana.
  7687 | D:6      | Reached skill level 5 in Dodging
  8111 | D:6      | Reached *** piety under Okawaru
  8761 | D:7      | Noticed a troll
  8762 | D:7      | Noticed MiltankisOP's ghost (novice DrTm)
  8764 | D:7      | Found a runed translucent gate.
  8765 | D:7      | Found a runed translucent gate.
  8766 | D:7      | Found a runed translucent gate.
  8825 | D:7      | Reached skill level 7 in Fighting
  8918 | D:7      | Paralysed by a hornet for 3 turns
  8933 | D:7      | Reached XP level 10. HP: 28/79 MP: 10/10
  9239 | D:7      | Found a shadowy altar of Dithmenos.
  9316 | D:7      | Noticed Harold
  9333 | D:7      | Killed Harold
  9333 | D:7      | Reached **** piety under Okawaru
  9783 | D:8      | Found Mobb's Jewellery Boutique.
  9907 | D:8      | Slain by a yak

Illustrated notes

Levels and vault maps discovered:
D:1:      psy_arrival_fountain, layout_basic, minmay_bisected
D:2:      layout_basic
D:3:      layout_rooms, gammafunk_temple_overflow_statue,
          hellmonk_ecumenical_altar_run_dry, portal_sewer_entry_e, uniq_robin
D:4:      layout_loops_cross, nicolae_vehumet_altar_sigil
D:5:      nicolae_cairo_tiling, layout_loops_ring, lemuel_crystal_altar,
          lemuel_crystal_altar, zin_angel, minmay_temple_entry_mist,
          hangedman_feature_mirror, nicolae_stop_n_shop_1,
          hangedman_decor_riveting, uniq_crazy_yiuf_cottage, uniq_eustachio,
          uniq_duvessa
D:6:      layout_basic, beargit_hepliaklqana_dungeon_heroes,
          roderic_roman_lattice, grunt_ministairs_8, corexii_shack,
          minmay_pentangle, uniq_maggie
D:7:      layout_cave_pools, mainiacjoe_overflow_24_doors,
          gammafunk_ghost_split, uniq_harold
D:8:      layout_loops_cross, serial_glass, glass_columns_a, glass_columns_b,
          serial_shops, shop, nicolae_stop_n_shop_1, nicolae_lakefront_shop,
          fungi_pond_lemuel, hangedman_minor_gate_pass

Skill      XL: |  1  2  3  4  5  6  7  8  9 10 |
---------------+-------------------------------+-----
Axes           | 2 3 4 5 6 |  6.4
Armour         | 3 4 5 6 |  6.8
Dodging        | 1 2 3 4 5 6 |  6.1
Shields        | 3 4 5 6 |  6.8
Fighting       | 4 5 6 7 |  7.4

Action                   |  1- 3 |  4- 6 |  7- 9 | 10-12 || total
-------------------------+-------+-------+-------+-------++-------
Melee: War axe           |   149 |   135 |   229 |    40 ||   553
       Headbutt          |       |    28 |    47 |     9 ||    84
  Use: Scroll            |       |     8 |     8 |     1 ||    17
       Potion            |       |       |     1 |     1 ||     2
Armor: Scale mail        |   106 |    68 |    44 |       ||   218
       Chain mail        |       |       |     5 |       ||     5
       Swamp dragon scal |       |       |    52 |    21 ||    73
Dodge: Dodged            |    80 |    72 |   138 |    21 ||   311
Block: Buckler           |    44 |    30 |    47 |       ||   121
       Kite shield       |       |       |    68 |    27 ||    95
